 Dungeon Crawl Stone Soup version 0.31-a0-145-g046c7d2549 (webtiles) character file.

Game seed: 8482152629421217854

511 Darkkill the Shooter (level 6, -7/56 HPs)
             Began as a Minotaur Hunter on June 6, 2023.
             Mangled by Menkaure (15 damage)
             ... on level 4 of the Dungeon.
             The game lasted 00:04:12 (2996 turns).

Darkkill the Shooter (Minotaur Hunter)              Turns: 2996, Time: 00:04:13

Health: -7/56      AC:  5    Str: 16    XL:     6   Next: 99%
Magic:  5/5        EV: 13    Int:  6    God:
Gold:   222        SH:  0    Dex: 15    Spells: 5/5 levels left

rFire   . . .        a - +1 shortbow
rCold   . . .        (shield currently unavailable)
rNeg    . . .        c - +0 leather armour
rPois   .            (helmet restricted)
rElec   .            (no cloak)
rCorr   .            (no gloves)
SInv    .            j - +1 pair of boots
Will    .....        (no amulet)
Stlth   ++           (no ring)
HPRegen 0.29/turn    (no ring)
MPRegen 0.09/turn

%: no passive effects
@: brilliant
A: horns 2, retaliatory headbutt
a: no special abilities


You were on level 4 of the Dungeon.
You visited 1 branch of the dungeon, and saw 4 of its levels.

You collected 222 gold pieces.

Inventory:

Hand Weapons
 a - a +1 shortbow (weapon)
 b - a +2 scythe of venom
Missiles
 d - 48 stones
 f - 6 poisoned darts
 o - 3 boomerangs
Armour
 c - a +0 leather armour (worn)
 j - a +1 pair of boots (worn)
Jewellery
 i - an amulet of faith
Scrolls
 k - a scroll of vulnerability {unknown}
 p - a scroll of immolation {unknown}
Potions
 e - a potion of invisibility {unknown}
 g - 2 potions of brilliance
 h - 2 potions of enlightenment
 l - a potion of haste {unknown}
 m - a potion of mutation {unknown}
 n - 2 potions of curing {unknown}


   Skills:
 + Level 5.0 Fighting
 + Level 6.0 Ranged Weapons
 + Level 4.5 Dodging
 + Level 3.2 Stealth


You had 5 spell levels left.
You didn't know any spells.
Your spell library contained the following spells:

 Spells                   Type           Power      Damage    Failure   Level
 Shock                    Conj/Air       0%         1d3       52%         1
 Swiftness                Air            0%         N/A       88%         3
 Airstrike                Air            0%         2d(0-16)  99%         4


Dungeon Overview and Level Annotations

Branches:
Dungeon (4/15)
 Temple: D:4-7

Altars:
Nemelex Xobeh
Xom
Yredelemnul

Annotations:
D:3 1 runed translucent door, Crazy Yiuf
D:4 Menkaure


Innate Abilities, Weirdness & Mutations

You have a pair of horns on your head.
You reflexively headbutt those who attack you in melee.


Message History

The endoplasm quivers.
The endoplasm is lightly wounded.
An endoplasm is nearby!
An endoplasm is nearby!
You shoot an arrow. The arrow barely misses the endoplasm.
The endoplasm hits you but does no damage.
You shoot an arrow. The arrow hits the endoplasm.
You kill the endoplasm!
No target in view!
No target in view!
You see here a +0 leather armour. 2 endoplasms and an iguana come into view.
You shoot an arrow. The arrow hits the endoplasm.
The endoplasm quivers.
The endoplasm is lightly wounded.
The endoplasm quivers.
The iguana hisses angrily.
There are monsters nearby!
You shoot an arrow. The arrow hits the endoplasm.
You kill the endoplasm!
There are monsters nearby!
You shoot an arrow. The arrow closely misses the iguana.
The arrow hits the endoplasm.
The endoplasm is lightly wounded.
You shoot an arrow. The arrow barely misses the iguana.
You shoot an arrow. The arrow hits the iguana.
The iguana is moderately wounded.
The iguana barely misses you.
There are monsters nearby!
You shoot an arrow.
The arrow hits the iguana but does no damage.
The iguana is moderately wounded.
The iguana closely misses you.
There are monsters nearby!
You shoot an arrow. The arrow hits the iguana.
The iguana is heavily wounded.
The iguana barely misses you.
The iguana bites you but does no damage.
You shoot an arrow. The arrow barely misses the iguana.
The arrow hits the endoplasm.
The endoplasm is almost dead.
The iguana closely misses you. You furiously retaliate!
You headbutt the iguana.
There are monsters nearby!
You shoot an arrow. The arrow barely misses the iguana.
The arrow hits the endoplasm.
You kill the endoplasm!
The iguana bites you.
You shoot an arrow. The arrow hits the iguana.
The iguana is almost dead.
The iguana bites you!
You shoot an arrow. The arrow hits the iguana.
You kill the iguana!
No target in view!
No target in view!
You see here an iguana corpse.
A worm comes into view.
You shoot an arrow. The arrow hits the worm!
The worm is moderately wounded.
A worm is nearby!
You shoot an arrow. The arrow hits the worm!
The worm is severely wounded.
A worm is nearby!
You shoot an arrow. The arrow hits the worm.
The worm is severely wounded.
A worm is nearby!
You shoot an arrow. The arrow hits the worm!
You kill the worm!
Your Fighting skill increases to level 5!
Your Ranged Weapons skill increases to level 6!
p - a scroll labelled SYNOKL ACAHIUHUL No target in view!
You see here an iguana corpse.
You see here a +0 leather armour.
A ball python comes into view.
You shoot an arrow. The arrow hits the ball python!
You kill the ball python!
You see here a +0 club.
There is a stone staircase leading down here.
You see here a +0 war axe.
Found a leather armour.
No target in view!
You see here a +0 leather armour.
Menkaure, Prince of Dust comes into view.
You shoot an arrow. The arrow hits Menkaure.
Menkaure shouts!
Menkaure is lightly damaged.
Menkaure calls on the powers of darkness!
Your body is wracked with pain!
Menkaure hits you!!
* * * LOW HITPOINT WARNING * * *
You shoot an arrow. The arrow hits Menkaure!
Menkaure is heavily damaged.
Menkaure barely misses you.
You shoot an arrow. The arrow closely misses Menkaure.
Menkaure closely misses you.
It was a potion of brilliance.
You feel clever all of a sudden. Menkaure hits you!
You die...

.# #.########### #.# .#
#...........# #.# .#
###########.# #.# .# #.#
#.# .# #.# #.#
.##############.# #.#
.............##.# #.#
############.##.#####.#.#
#.##.@M....#.#
#.##########.# #.# #.#
#.# #.# #.# #.# #.# #.#
#.# #.# #.# #.#
#.##########.#


You could see Menkaure.

Vanquished Creatures
  Sigmund (D:3)
  A black bear (D:4)
  A scorpion (D:4)
  Jessica (D:3)
  2 iguanas (D:4)
  3 adders
  2 worms (D:4)
  2 dart slugs (D:2)
  5 orcs (D:3)
  6 ball pythons
  8 endoplasms
  2 giant cockroaches
  13 hobgoblins
  3 jackals (D:4)
  4 quokkas
  7 bats
  3 frilled lizards
  10 goblins
  4 kobolds
  6 rats
84 creatures vanquished.

Notes
Turn   | Place    | Note
-------+----------+-------------------------------------------
     0 | D:1      | Darkkill the Minotaur Hunter began the quest for the Orb.
     0 | D:1      | Reached XP level 1. HP: 18/18 MP: 0/0
   105 | D:1      | Reached skill level 1 in Stealth
   271 | D:1      | Reached XP level 2. HP: 25/25 MP: 1/1
   755 | D:2      | Reached XP level 3. HP: 9/31 MP: 2/2
   870 | D:2      | Found a shimmering altar of Xom.
  1289 | D:3      | Reached XP level 4. HP: 38/38 MP: 3/3
  1374 | D:3      | Noticed Sigmund
  1387 | D:3      | Killed Sigmund
  1388 | D:3      | Reached skill level 5 in Ranged Weapons
  1388 | D:3      | Reached XP level 5. HP: 30/46 MP: 4/4
  1537 | D:3      | Found a sparkling altar of Nemelex Xobeh.
  1537 | D:3      | Found a basalt altar of Yredelemnul.
  1654 | D:3      | Noticed Jessica
  1662 | D:3      | Killed Jessica
  1663 | D:3      | Reached XP level 6. HP: 52/52 MP: 5/5
  1856 | D:3      | Found a runed translucent door.
  1857 | D:3      | Noticed Crazy Yiuf
  2153 | D:4      | HP: 8/53 [iguana (3)]
  2752 | D:4      | Reached skill level 5 in Fighting
  2752 | D:4      | Reached skill level 6 in Ranged Weapons
  2990 | D:4      | Noticed Menkaure
  2993 | D:4      | HP: 7/56 [Menkaure (23)]
  2996 | D:4      | Mangled by Menkaure

Illustrated notes

Levels and vault maps discovered:
D:1:      psy_arrival_dodecagon, layout_loops_ring, hangedman_decor_push
D:2:      layout_rooms, basic_altar, grunt_decor_fettered
D:3:      layout_basic, nicolae_overflow_hidden_temple, minmay_goblin_outpost,
          uniq_sigmund, uniq_crazy_yiuf_cottage, uniq_jessica
D:4:      layout_basic, uniq_menkaure

Skill      XL: |  1  2  3  4  5  6 |
---------------+-------------------+-----
Stealth        | 1 2 3 |  3.2
Fighting       | 3 4 5 |  5.0
Dodging        | 3 4 |  4.5
Ranged Weapons | 5 6 |  6.0

Action                     |  1- 3 |  4- 6 || total
---------------------------+-------+-------++-------
   Fire: Shortbow          |   104 |   135 ||   239
    Use: Scroll            |     6 |     1 ||     7
         Potion            |       |     1 ||     1
 Armour: Leather armour    |    20 |    11 ||    31
  Dodge: Dodged            |    28 |    40 ||    68

Table legend: (Time is in decaauts)
 A = Elapsed time spent in this place.
 B = Non-inter-level travel time spent in this place.
 C = Inter-level travel time spent in this place.
 D = Time resting spent in this place.
 E = Time spent auto-exploring this place.
 F = Levels seen in this place.
 G = Mean time per level.
                   A        B        C        D        E       F      G
               +--------+--------+--------+--------+--------+-----+--------+
         Total |   3036 |   2922 |    114 |      0 |   2472 |   4 |  759.0 |
       Dungeon |   3036 |   2922 |    114 |      0 |   2472 |   4 |  759.0 |
               +--------+--------+--------+--------+--------+-----+--------+

Top non-repeatable levels by time:
     D:3: 912 daAuts
     D:4: 892 daAuts
     D:1: 708 daAuts
     D:2: 523 daAuts

Levels and vault maps discovered:
D:1:      psy_arrival_dodecagon, layout_loops_ring, hangedman_decor_push
D:2:      layout_rooms, basic_altar, grunt_decor_fettered
D:3:      layout_basic, nicolae_overflow_hidden_temple, minmay_goblin_outpost,
          uniq_sigmund, uniq_crazy_yiuf_cottage, uniq_jessica
D:4:      layout_basic, uniq_menkaure

Table legend: (Time is in decaauts)
 A = Elapsed time spent in this place.
 B = Non-inter-level travel time spent in this place.
 C = Inter-level travel time spent in this place.
 D = Time resting spent in this place.
 E = Time spent auto-exploring this place.
 F = Levels seen in this place.
 G = Mean time per level.
                   A        B        C        D        E       F      G
               +--------+--------+--------+--------+--------+-----+--------+
         Total |   3036 |   2922 |    114 |      0 |   2472 |   4 |  759.0 |
       Dungeon |   3036 |   2922 |    114 |      0 |   2472 |   4 |  759.0 |
               +--------+--------+--------+--------+--------+-----+--------+

Top non-repeatable levels by time:
     D:3: 912 daAuts
     D:4: 892 daAuts
     D:1: 708 daAuts
     D:2: 523 daAuts

Table legend:
 A = Kills in this place as a percentage of kills in the entire game.
 B = Kills by you in this place as a percentage of kills by you in the entire game.
 C = Kills by friends in this place as a percentage of kills by friends in the entire game.
 D = Other kills in this place as a percentage of other kills in the entire game.
 E = Experience gained in this place as a percentage of experience gained in the entire game.
 F = Experience gained in this place divided by the number of levels of this place that you have seen.
                   A       B       C       D       E      F
               +-------+-------+-------+-------+-------+----------------------
         Total | 100.0 | 100.0 |   N/A |   N/A | 100.0 | 182.5
       Dungeon | 100.0 | 100.0 |   N/A |   N/A | 100.0 | 182.5
               +-------+-------+-------+-------+-------+----------------------
